 Dungeon Crawl Stone Soup version 0.30.1-11-g7821555f0a (webtiles) character file.

Game seed: 6368014256293479280

327030 monsoonserge the Unseen (level 20, -14/244 (246) HPs)
             Began as a Demonspawn Warper on Oct 28, 2023.
             Was the Champion of Wu Jian.
             Killed from afar by a crystal guardian (66 damage)
             ... with a crystal bolt
             ... led by a peacekeeper
             ... on level 3 of the Vaults on Oct 30, 2023.
             The game lasted 03:34:43 (39579 turns).

monsoonserge the Unseen (Demonspawn Warper)        Turns: 39579, Time: 03:34:43

HP:   -14/244 (246) AC: 11    Str: 17    XL:     20   Next: 77%
MP:   0/32          EV: 28    Int: 12    God:    Wu Jian [******]
Gold: 2879          SH:  0    Dex: 34    Spells: 20/35 levels left

rFire   . . .        p - +7 dagger (distort)
rCold   . . .        (no shield)
rNeg    . . .        F - +4 ring mail of Disaster {Harm rCorr Str+5 Int-2}
rPois   .            v - -2 helmet of Qazlal's Generosity {Fly Slay+3}
rElec   .            (cloak unavailable)
rCorr   +            (gloves unavailable)
SInv    .            (boots unavailable)
Will    +....        T - amulet of regeneration Stlth
                     m - +6 ring of dexterity
HPRegen 1.40/turn    S - +6 ring of dexterity
MPRegen 0.46/turn

%: harm (+30% outgoing, +20% incoming), guardian spirit
@: berserking, flying, lightly drained, unable to read, very quick
A: hooves 3, foul stench 2, augmentation 1, magic shield, magic regeneration,
weakness stinger 3, demonic touch 3, inability to read after injury 1
}: 2/15 runes: serpentine, barnacled
a: Renounce Religion, Wall Jump, Serpent's Lash, Heavenly Storm


You were on level 3 of the Vaults.
You worshipped Wu Jian.
Wu Jian was exalted by your worship.
You visited 8 branches of the dungeon, and saw 37 of its levels.
You also visited: Ice Cave.

You collected 3288 gold pieces.
You spent 409 gold pieces at shops.

Inventory:

Hand Weapons
 o - the +8 storm bow {elec, penet}
   (You found it on level 5 of the Lair of Beasts)
 p - a +7 dagger of distortion (weapon)
 M - the +12 dagger of Pain and Death {pain, rC+ Str+3 Int+2}
   (You found it on level 4 of the Shoals)

   Str:       It affects your strength (+3).
   Int:       It affects your intelligence (+2).
   rC:        It protects you from cold.
Missiles
 d - 7 boomerangs of dispersal
 k - 24 boomerangs (quivered)
 u - 15 throwing nets
 A - 2 datura-tipped darts
 B - 11 silver boomerangs
 O - 2 atropa-tipped darts
 Q - 9 curare-tipped darts
 R - 6 javelins
Armour
 b - a +1 leather armour of poison resistance
 v - the -2 helmet of Qazlal's Generosity (worn) {Fly Slay+3}
   (You found it on level 12 of the Dungeon)

   Slay:      It affects your accuracy & damage with ranged weapons and melee
   (+3).
   Fly:       It grants you flight.
 F - the +4 ring mail of Disaster (worn) {Harm rCorr Str+5 Int-2}
   (You bought it in a shop on level 2 of the Orcish Mines)

   Str:       It affects your strength (+5).
   Int:       It affects your intelligence (-2).
   rCorr:     It protects you from acid and corrosion.
   Harm:      It increases damage dealt and taken.
 U - the +2 robe of Polytheism {rC++}
   (You found it on level 3 of the Snake Pit)

   rC:        It greatly protects you from cold.
Jewellery
 i - a ring of protection from fire
 m - a +6 ring of dexterity (left hand)
 S - a +6 ring of dexterity (right hand)
 T - an amulet of regeneration (around neck)
 Y - a ring of poison resistance
Wands
 y - a wand of iceblast (19)
 C - a wand of digging (4)
 G - a wand of charming (38)
 J - a wand of polymorph (20)
 K - a wand of acid (29)
 W - a wand of flame (17)
Scrolls
 c - 5 scrolls of blinking
 g - 6 scrolls of fog
 h - 4 scrolls of immolation
 n - 5 scrolls of amnesia
 r - 2 scrolls of summoning
 s - 8 scrolls of magic mapping
 t - 6 scrolls of fear
 w - 11 scrolls of teleportation
 x - 16 scrolls of poison
 E - 7 scrolls of enchant armour
 N - 4 scrolls of silence
Potions
 a - 12 potions of ambrosia
 e - 5 potions of lignification
 f - 7 potions of curing
 j - 5 potions of cancellation
 l - a potion of haste
 q - a potion of berserk rage
 z - 6 potions of magic
 H - 5 potions of heal wounds
 I - 11 potions of flight
 L - 5 potions of mutation
 P - 4 potions of might
 X - a potion of resistance
 Z - 4 potions of invisibility
Miscellaneous
 D - a phial of floods
 V - a box of beasts


   Skills:
 + Level 16.1 Fighting
 - Level 11.9(12.0) Short Blades
 - Level 2.1(7.9) Long Blades
 + Level 8.3 Throwing
 + Level 12.0 Armour
 + Level 14.7 Dodging
 + Level 19.9 Stealth
 - Level 3.0 Unarmed Combat
 - Level 8.0 Spellcasting
 * Level 7.9 Translocations
 - Level 5.0 Transmutations
 - Level 3.0 Air Magic
 + Level 8.4 Evocations


You had 20 spell levels left.
You knew the following spells:

 Your Spells              Type           Power      Damage    Failure   Level
a - Blink                 Tloc           46%        N/A       1%          2
b - Wereblood             Tmut           16%        N/A       4%          2
c - Vhi's Electric Charg  Tloc/Air       34%        N/A       8%          3
d - Manifold Assault      Tloc           23%        N/A       9%          4
e - Passage of Golubria   Tloc           23%        N/A       9%          4

Your spell library contained the following spells:

 Spells                   Type           Power      Damage    Failure   Level
 Apportation              Tloc           46%        N/A       1%          1
 Lesser Beckoning         Tloc           46%        N/A       1%          2
 Gell's Gravitas          Tloc           23%        N/A       2%          3
 Teleport Other           Tloc           23%        N/A       2%          3
 Beastly Appendage        Tmut           32%        N/A       3%          1
 Momentum Strike          Conj/Tloc      28%        3d8       7%          2
 Sting                    Tmut/Pois      40%        1d5       9%          1
 Poisonous Vapours        Pois/Air       16%        N/A       19%         2
 Static Discharge         Conj/Air       16%        2-3/arc   19%         2
 Foxfire                  Conj/Fire      16%        2x1d4     22%         1
 Freeze                   Ice            16%        1d4       22%         1
 Kiss of Death            Conj/Necr      16%        2d6       22%         1
 Summon Small Mammal      Summ           16%        N/A       22%         1
 Cigotuvi's Dreadful Rot  Necr/Pois/Air  14%        N/A       22%         2
 Spider Form              Tmut/Pois      10%        N/A       24%         3
 Ensorcelled Hibernation  Hex/Ice        8%         N/A       34%         2
 Mephitic Cloud           Conj/Pois/Air  7%         N/A       41%         3
 Airstrike                Air            6%         2d(1-17)  54%         4
 Frozen Ramparts          Ice            8%         1d2       56%         3
 Hailstorm                Conj/Ice       4%         3d4       56%         3
 Ozocubu's Armour         Ice            4%         N/A       56%         3
 Ice Form                 Ice/Tmut       10%        N/A       63%         4
 Blade Hands              Tmut           8%         N/A       63%         5
 Summon Lightning Spire   Summ/Air       8%         N/A       77%         4
 Dispersal                Tloc           11%        N/A       80%         6
 Anguish                  Hex/Necr       2%         N/A       92%         4
 Alistair's Intoxication  Tmut/Pois      6%         N/A       92%         5
 Yara's Violent Unravell  Hex/Tmut       5%         3d4       92%         5
 Silence                  Hex/Air        4%         N/A       98%         5
 Borgnjor's Vile Clutch   Necr/Erth      2%         N/A       99%         5
 Fireball                 Conj/Fire      2%         3d4       99%         5
 Freezing Cloud           Conj/Ice/Air   3%         6-21      99%         5
 Iskenderun's Battlesphe  Conj           4%         2d6       99%         5
 Eringya's Noxious Bog    Tmut/Pois      5%         N/A       100%        6
 Plasma Beam              Fire/Air       4%         2x1d15    100%        6
 Simulacrum               Ice/Necr       2%         N/A       100%        6
 Starburst                Conj/Fire      2%         6d3       100%        6
 Haunt                    Necr/Summ      2%         N/A       100%        7
 Ozocubu's Refrigeration  Ice            2%         4d7       100%        7
 Storm Form               Tmut/Air       7%         N/A       100%        7
 Disjunction              Tloc           11%        N/A       100%        8
 Lehudib's Crystal Spear  Conj/Erth      2%         10d2      100%        8
 Maxwell's Capacitive Co  Air            6%         ∞         100%        8
 Polar Vortex             Ice            2%         N/A       100%        9
 Shatter                  Erth           2%         3d6*      100%        9


Dungeon Overview and Level Annotations

Branches:
Dungeon (15/15)            Temple (1/1) D:6            Lair (5/5) D:10
 Shoals (4/4) Lair:2        Snake (4/4) Lair:2        Slime (3/5) Lair:5
    Orc (2/2) D:10            Elf (0/3) Orc:2        Vaults (3/5) D:14
 Depths (0/4) D:15          IceCv (visited)
  Crypt: Vaults:2-3

Altars:
Ashenzari
Cheibriados
Dithmenos
Fedhas
Gozag
Hepliaklqana
Kikubaaqudgha
Makhleb
Nemelex Xobeh
Okawaru
Qazlal
Ru
Sif Muna
Trog
Uskayaw
Vehumet
Wu Jian
Xom
Yredelemnul
Lugonu

Shops:
D:1 [   D:7 :   D:9 ==(?   D:10 *   D:14 ?   Orc:2 ([*=   Shoals:1 :*
Shoals:4 :*   Snake:1 *   Snake:3 (   Vaults:2 *

Portals:
Abyss: Lair:5

Annotations:
Abyss:1 Aizul, Azrael, Duvessa, Erica, Gastronok, Nergalle, Pikel, Prince Ribbit


Innate Abilities, Weirdness & Mutations

You have hooves in place of feet.
You sometimes emit foul miasma when damaged in melee.
Your magical and physical power is slightly enhanced at high health.
When hurt, damage is shared between your health and your magic reserves.
You regenerate magic rapidly.
You have a sharp stinger which inflicts weakening toxins.
Your touch may irresistibly damage your foes and sap their willpower.
You occasionally lose the ability to read scrolls when taking damage.


Message History

The war gargoyle is heavily damaged.
You barely miss the war gargoyle.
You kick the war gargoyle, but do no damage.
You touch the war gargoyle!!
You sap its willpower!
You punch the war gargoyle.
You destroy the war gargoyle!
The Council accepts your kill.
The crystal guardian fires a crystalline bolt at you.
The crystal bolt misses you.
The crystal guardian fires a crystalline bolt at you.
The crystal bolt freezes you!!!
* * * LOW HITPOINT WARNING * * *
Unknown command.
Okay, then.
Press: ? - help, v - describe, . - travel
Here: a crystal guardian (lightly damaged)
The floor.
Casting: Wereblood (safe; 4% risk of failure)
Confirm with . or Enter, or press ? or * to list all spells.
Okay, then.
Unknown command.
Press: ? - help, v - describe, . - travel
Here: a crystal guardian (lightly damaged)
The floor.
Casting: Wereblood (safe; 4% risk of failure)
Confirm with . or Enter, or press ? or * to list all spells.
Okay, then.
A red film seems to cover your vision as you go berserk!
You feel yourself moving faster!
You feel mighty!
You puncture the crystal guardian! You kick the crystal guardian!
You touch the crystal guardian!
The crystal guardian is heavily damaged.
The crystal guardian blinks!
The crystal guardian fires a crystalline bolt at you.
The crystal bolt burns you!!
* * * LOW HITPOINT WARNING * * *
You feel a strong urge to attack something.
The crystal guardian fires a crystalline bolt at you.
The crystal bolt burns you!!!
You feel threatened and lose the ability to read scrolls!
You die...

#...... ######### #......
#.....[.## #......
#.......## #......
#.$.....## #......
#.....9.## #......
##.......# #......
##........# #...... .
##..)@.....######'####
....#.....#....#..........
.........###...'..........
.......§## ##..#..........
.......## ##.#..........
#...... ###..........
##..... #########'# ##....
#.. ##... #..


You could see a crystal guardian.

Vanquished Creatures
  Dissolution (Slime:2)
  Mara (Shoals:4)
  An Ice Fiend (IceCv)
  8 acid blobs
  A kraken (Shoals:4)
  4 nagarajas
  8 rockslimes
  6 azure jellies
  Ilsuiw (Shoals:2)
  4 vault wardens
  A war gargoyle (Vaults:3)
  8 ironbound preservers
  2 quicksilver oozes
  4 ironbound thunderhulks
  4 very ugly things
  8 dire elephants (Vaults:2)
  An eidolon (Vaults:2)
  Snorg (D:11)
  3 merfolk javelineers (Shoals:4)
  4 yaktaur captains
  3 merfolk impalers
  7 great orbs of eyes
  Harold (Lair:2)
  4 salamander tyrants
  6 vault guards (D:14)
  Erolcha (D:10)
  10 hydras
  8 ironbound frosthearts
  A peacekeeper (Vaults:3)
  2 merfolk aquamancers (Shoals:4)
  2 merfolk avatars
  2 two-headed ogres
  21 centaur warriors
  2 satyrs
  24 anacondas
  2 alligator snapping turtles
  4 boulder beetles
  3 alligators (Snake:4)
  A tengu warrior (D:14)
  10 naga sharpshooters
  6 orc high priests
  2 thrashing horrors (Lair:5)
  13 naga warriors
  Sonja (Orc:2)
  13 shock serpents
  7 salamander mystics
  4 skysharks
  A glowing orange brain (Vaults:2)
  21 sea snakes
  4 goliath frogs (Snake:4)
  17 lindwurms
  9 spriggan simulacra (IceCv)
  24 deep trolls
  An obsidian statue (Lair:4)
  5 ironbound convokers
  5 naga ritualists
  6 orc knights
  2 deep elf pyromancers
  12 harpies
  The ghost of middlethird the Basher, a novice VSEE of Jiyva (D:7)
  3 wizards
  4 fauns
  11 mana vipers
  6 orc sorcerers
  6 ugly things
  6 manticores
  4 cyclopes
  A shining eye (Slime:2)
  Maurice (D:10)
  14 salamanders
  2 elephants (Lair:5)
  18 naga magi
  37 black mambas
  6 vault sentinels
  Joseph (D:7)
  9 merfolk sirens
  7 water nymphs
  7 guardian serpents (Snake:4)
  2 eyes of devastation
  6 gargoyles
  A smoke demon (Lair:5)
  2 torpor snails
  3 rime drakes
  8 komodo dragons
  Psyche (D:9)
  5 cane toads
  An efreet (D:15)
  5 freezing wraiths (IceCv)
  25 yaktaurs
  3 unseen horrors
  2 golden dragon simulacra (IceCv)
  7 ice devils (IceCv)
  A tengu conjurer (D:14)
  2 ancient zymes (Lair:5)
  22 merfolk
  3 meliai (D:15)
  11 trolls
  7 wind drakes
  A queen bee (D:11)
  A polar bear (Lair:4)
  A tarantella (shapeshifter) (D:12)
  7 snapping turtles
  Grinder (D:6)
  15 dream sheep
  18 blink frogs
  A spriggan (Lair:5)
  A snapping turtle (shapeshifter) (Lair:5)
  5 water elementals
  A ynoxinul (Lair:5)
  A spriggan (shapeshifter) (D:13)
  A shadow (D:10)
  5 wyverns
  58 slime creatures
  29 yaks
  5 basilisks
  4 wraiths
  Grum (D:9)
  4 fire elementals (Snake:3)
  A dire elephant simulacrum (IceCv)
  8 minotaur simulacra (IceCv)
  A chaos spawn (Lair:5)
  9 vampire mosquitoes
  Edmund (D:5)
  A warg (Orc:2)
  3 acid dragons
  A harpy simulacrum (IceCv)
  37 nagas
  3 hell hounds (Snake:3)
  A hydra simulacrum (IceCv)
  10 water moccasins
  37 orc warriors
  2 ice beasts
  12 small abominations (Lair:5)
  An ice beast (shapeshifter) (D:13)
  2 alligator simulacra (IceCv)
  10 ogres
  21 wolves
  4 centaurs
  A centaur (shapeshifter) (Lair:5)
  A scorpion (D:5)
  13 bullfrogs
  5 gnoll sergeants
  9 deep troll simulacra (IceCv)
  6 wights
  Dowan (D:7)
  33 killer bees
  A lindwurm simulacrum (IceCv)
  3 electric eels
  5 howler monkeys
  5 jellies
  A lava snake (D:9)
  2 quasits (D:7)
  9 hounds
  20 orc priests
  3 gnoll boudas
  Crazy Yiuf (D:5)
  2 iguanas
  25 orc wizards
  5 hell rats (Lair:1)
  A statue (D:6)
  48 gnolls
  7 adders
  A shadow imp (D:4)
  A white imp (D:6)
  2 ufetubi
  A worm (D:4)
  A dart slug (D:2)
  85 orcs
  4 ball pythons
  7 bats
  7 endoplasms
  3 giant cockroaches
  7 goblins
  7 hobgoblins
  3 jackals (D:7)
  10 kobolds
  A quokka (D:5)
  A frilled lizard (D:3)
  4 rats
  2 tentacles (Shoals:4)
1278 creatures vanquished.

Vanquished Creatures (collateral kills)
  A killer bee (D:11)
1 creature vanquished.

Vanquished Creatures (others)
  A yaktaur (Vaults:2)
  A blink frog (Lair:5)
  A killer bee (D:11)
  An orc priest (D:6)
  An orc wizard (Orc:2)
  6 tentacles (Shoals:4)
11 creatures vanquished.

Grand Total: 1290 creatures vanquished

Notes
Turn   | Place    | Note
-------+----------+-------------------------------------------
     0 | D:1      | monsoonserge the Demonspawn Warper began the quest for the
                  | Orb.
     0 | D:1      | Reached XP level 1. HP: 16/16 MP: 3/3
   124 | D:1      | Reached skill level 1 in Throwing
   255 | D:1      | Reached skill level 1 in Armour
   322 | D:1      | Discovered your monstrous ancestry.
   322 | D:1      | Gained mutation: You have large cloven feet. [demonic
                  | ancestry]
   322 | D:1      | Reached XP level 2. HP: 17/22 MP: 5/5
   354 | D:1      | Found Negiylus's Antique Armour Shoppe.
   702 | D:2      | Gained mutation: You may rarely emit foul miasma when
                  | damaged in melee. [demonic ancestry]
   702 | D:2      | Reached XP level 3. HP: 27/27 MP: 6/6
   829 | D:2      | Learned a level 2 spell: Blink
  1344 | D:3      | Gained mutation: You have hoof-like feet. [demonic
                  | ancestry]
  1344 | D:3      | Reached XP level 4. HP: 23/33 MP: 7/7
  1370 | D:3      | Reached skill level 1 in Short Blades
  2008 | D:4      | Gained mutation: Your touch may inflict minor irresistible
                  | damage on your foes. [demonic ancestry]
  2008 | D:4      | Reached XP level 5. HP: 36/38 MP: 8/8
  2269 | D:4      | Noticed an ogre
  2282 | D:4      | Killed an ogre
  2283 | D:4      | Reached skill level 1 in Stealth
  2283 | D:4      | Reached skill level 1 in Unarmed Combat
  2283 | D:4      | Gained mutation: You have a small tail. [demonic ancestry]
  2283 | D:4      | Reached XP level 6. HP: 4/45 MP: 9/9
  2647 | D:5      | Entered Level 5 of the Dungeon
  2904 | D:5      | Noticed a water moccasin
  2918 | D:4      | Killed a water moccasin
  2919 | D:4      | Gained mutation: You have hooves in place of feet. [demonic
                  | ancestry]
  2919 | D:4      | Reached XP level 7. HP: 36/51 MP: 10/10
  3372 | D:5      | Found a runed translucent door.
  3373 | D:5      | Noticed Crazy Yiuf
  3734 | D:5      | Killed Crazy Yiuf
  3826 | D:6      | Noticed Edmund
  3859 | D:5      | Killed Edmund
  3860 | D:5      | Reached skill level 5 in Armour
  4011 | D:6      | Gained mutation: You sometimes emit foul miasma when
                  | damaged in melee. [demonic ancestry]
  4011 | D:6      | Reached XP level 8. HP: 57/58 MP: 11/11
  4053 | D:6      | Found a staircase to the Ecumenical Temple.
  4063 | Temple   | Entered the Ecumenical Temple
  4271 | D:6      | Found a shadowy altar of Dithmenos.
  4277 | D:6      | Found an ancient bone altar of Kikubaaqudgha.
  4284 | D:6      | Found a burning altar of Makhleb.
  4290 | D:6      | Found a broken altar of Ashenzari.
  4293 | D:6      | Found a snail-covered altar of Cheibriados.
  4542 | D:6      | Noticed Grinder
  4554 | D:6      | Killed Grinder
  4555 | D:6      | Reached skill level 1 in Evocations
  4962 | D:6      | Found a radiant altar of Vehumet.
  5197 | D:6      | Reached skill level 5 in Short Blades
  5197 | D:6      | Reached XP level 9. HP: 58/65 MP: 12/12
  5664 | D:7      | Noticed a gargoyle
  5667 | D:7      | Noticed a gargoyle
  5791 | D:6      | Killed a gargoyle
  5867 | D:7      | Reached skill level 2 in Stealth
  5868 | D:7      | Found a transporter.
  6082 | D:6      | Banished a gargoyle
  6094 | D:7      | Noticed Duvessa
  6097 | D:7      | Noticed Dowan
  6111 | D:7      | Killed Dowan
  6131 | D:7      | Banished Duvessa
  6204 | D:7      | Noticed a gargoyle
  6219 | D:7      | Noticed a gargoyle
  6387 | D:7      | Noticed a gargoyle
  6465 | D:7      | Killed a gargoyle
  6481 | D:7      | Killed a gargoyle
  6655 | D:7      | Killed a gargoyle
  6656 | D:7      | Gained mutation: You regenerate magic rapidly. [demonic
                  | ancestry]
  6656 | D:7      | Reached XP level 10. HP: 57/73 MP: 13/13
  6727 | Temple   | Became a worshipper of the Wu Jian Council
  6826 | D:7      | Noticed a gargoyle
  6829 | D:7      | Killed a gargoyle
  6863 | D:7      | Noticed Joseph
  6873 | D:7      | Killed Joseph
  6874 | D:7      | Reached skill level 3 in Stealth
  6897 | D:7      | Noticed middlethird's ghost (novice VSEE)
  6932 | D:7      | Found a transporter.
  7031 | D:7      | Found Weoh's Book Shoppe.
  7199 | D:7      | Reached * piety under Wu Jian
  7241 | D:7      | Reached skill level 5 in Fighting
  7649 | D:7      | Learned a level 2 spell: Wereblood
  7915 | D:8      | Noticed a two-headed ogre
  7997 | D:7      | Killed a two-headed ogre
  8010 | D:8      | Reached skill level 1 in Transmutations
  8158 | D:8      | Reached ** piety under Wu Jian
  8410 | D:9      | Noticed Grum
  8426 | D:9      | Killed Grum
  8490 | D:9      | Reached XP level 11. HP: 74/80 MP: 14/14
  8493 | D:9      | Reached skill level 5 in Dodging
  8585 | D:9      | Noticed Psyche
  8592 | D:9      | Killed Psyche
  8615 | D:9      | Noticed Pikel
  8618 | D:9      | Banished Pikel
  8662 | D:9      | Found Liuzos's Jewellery Emporium.
  8763 | D:9      | Found a bloodstained altar of Trog.
  8791 | D:9      | Found Hutwohun's Antique Weapon Boutique.
  8837 | D:9      | Found Hoiteis's Jewellery Shop.
  8853 | D:9      | Noticed a two-headed ogre
  8861 | D:9      | Killed a two-headed ogre
  8861 | D:9      | Reached *** piety under Wu Jian
  8873 | D:9      | Found Plog's Magic Scroll Shoppe.
  8883 | D:9      | Bought a scroll of noise for 17 gold pieces
  8883 | D:9      | Bought a scroll of fog for 68 gold pieces
  9342 | D:10     | Entered Level 10 of the Dungeon
  9564 | D:10     | Noticed Maurice
  9578 | D:10     | Killed Maurice
  9606 | D:10     | Noticed a brown ugly thing
  9609 | D:10     | Killed a brown ugly thing
  9759 | D:10     | Found a staircase to the Orcish Mines.
  9773 | D:10     | Found a staircase to the Lair.
  9894 | D:10     | Reached skill level 4 in Stealth
  9912 | D:10     | Found Uschowin's Neck Hole.
 10139 | D:10     | Noticed Erica
 10154 | D:10     | Banished Erica
 10196 | D:10     | Noticed Erolcha
 10207 | D:10     | Killed Erolcha
 10208 | D:10     | Gained mutation: You have a tail ending in a sharp stinger.
                  | [demonic ancestry]
 10208 | D:10     | Reached XP level 12. HP: 89/89 MP: 16/16
 10450 | Orc:1    | Entered Level 1 of the Orcish Mines
 10475 | Orc:1    | Noticed an orc high priest
 10554 | D:11     | Noticed Snorg
 10573 | D:11     | Killed Snorg
 10693 | D:11     | Noticed a two-headed ogre
 10714 | D:11     | Banished a two-headed ogre
 11132 | Lair:1   | Entered Level 1 of the Lair of Beasts
 11173 | Lair:1   | Noticed a boulder beetle
 11281 | D:10     | Reached skill level 5 in Stealth
 11299 | D:10     | Killed a boulder beetle
 11329 | Lair:1   | Reached **** piety under Wu Jian
 11496 | Lair:1   | Got the Volume of Kinetic Energy
 11870 | Lair:1   | Noticed Nergalle
 11878 | Lair:1   | Banished Nergalle
 12160 | Lair:2   | Noticed Gastronok
 12225 | Lair:2   | Banished Gastronok
 12226 | Lair:2   | Reached skill level 6 in Stealth
 12279 | Lair:2   | Noticed Prince Ribbit
 12285 | Lair:2   | Banished Prince Ribbit
 12315 | Lair:2   | Identified the +6 mace of the Spider Nest {heavy, rF- rN++
                  | rCorr}
 12320 | Lair:2   | Found a staircase to the Snake Pit.
 12342 | Lair:2   | Noticed Harold
 12359 | Lair:2   | Killed Harold
 12610 | Lair:2   | Reached skill level 10 in Armour
 12726 | Lair:2   | Reached skill level 7 in Stealth
 12726 | Lair:2   | Gained mutation: Your touch may inflict irresistible damage
                  | on your foes. [demonic ancestry]
 12726 | Lair:2   | Reached XP level 13. HP: 101/101 MP: 17/17
 14157 | Lair:4   | Identified the +0 rapier of Valiance {spect, rPois rC++
                  | Str-5}
 14228 | Lair:4   | Reached skill level 8 in Stealth
 14700 | Lair:4   | Reached ***** piety under Wu Jian
 15043 | Lair:5   | Entered Level 5 of the Lair of Beasts
 15098 | Lair:5   | Found a staircase to the Slime Pits.
 15412 | Lair:2   | Reached skill level 9 in Stealth
 15422 | Lair:2   | Reached skill level 10 in Fighting
 15987 | Lair:5   | Gained mutation: When hurt, damage is shared between your
                  | health and your magic reserves. [demonic ancestry]
 15987 | Lair:5   | Reached XP level 14. HP: 99/111 MP: 18/18
 16038 | Lair:5   | Reached skill level 10 in Dodging
 16095 | Lair:5   | Found the +8 storm bow {elec, penet}
 16288 | Lair:5   | Reached skill level 10 in Stealth
 16306 | Lair:5   | Found a corrupted altar of Lugonu.
 16306 | Lair:5   | Found a one-way gate to the infinite horrors of the Abyss.
 16951 | Orc:2    | Entered Level 2 of the Orcish Mines
 17000 | Orc:2    | Noticed Sonja
 17016 | Orc:2    | Killed Sonja
 17312 | Orc:2    | Reached ****** piety under Wu Jian
 17569 | Orc:2    | Found a staircase to the Elven Halls.
 17706 | Orc:2    | Noticed an orc warlord
 17711 | Orc:2    | Banished an orc warlord
 17943 | Orc:2    | Found Omestuso's General Store.
 17944 | Orc:2    | Found Icle's Jewellery Boutique.
 17945 | Orc:2    | Found Xoatz's Antique Armour Shop.
 17945 | Orc:2    | Found Mueheybe's Antique Weapon Shop.
 18139 | Orc:2    | Bought a polished ring mail for 189 gold pieces
 18139 | Orc:2    | Identified the +4 ring mail of Disaster {Harm rCorr Str+5
                  | Int-2} (You bought it in a shop on level 2 of the Orcish
                  | Mines)
 18231 | Orc:2    | Bought 2 atropa-tipped darts for 25 gold pieces
 18930 | D:12     | Identified the -2 helmet of Qazlal's Generosity {Fly
                  | Slay+3}
 19008 | D:12     | Reached skill level 11 in Stealth
 19330 | D:12     | Found a blossoming altar of Fedhas.
 19590 | D:13     | Reached XP level 15. HP: 86/120 MP: 13/19
 19887 | D:13     | Found a stormy altar of Qazlal.
 20100 | D:14     | Found a frozen archway.
 20133 | IceCv    | Entered an ice cave
 20568 | IceCv    | Reached skill level 12 in Stealth
 20798 | IceCv    | Noticed an Ice Fiend
 20847 | IceCv    | Killed an Ice Fiend
 21132 | D:14     | Found Vibboif's Magic Scroll Shop.
 21162 | D:14     | Bought a scroll of fear for 60 gold pieces
 21203 | D:14     | Reached skill level 13 in Stealth
 21285 | D:14     | Found a sacrificial altar of Ru.
 21339 | D:14     | Found a gate to the Vaults.
 21893 | D:15     | Entered Level 15 of the Dungeon
 22436 | D:15     | Found a staircase to the Depths.
 22756 | Shoals:1 | Entered Level 1 of the Shoals
 22791 | Shoals:1 | Found Ruipewot's General Store.
 22820 | Shoals:1 | Reached skill level 14 in Stealth
 22828 | Shoals:1 | Found Saywopry's Book Shoppe.
 23168 | Shoals:1 | Gained mutation: Your touch may irresistibly damage your
                  | foes and sap their willpower. [demonic ancestry]
 23168 | Shoals:1 | Reached XP level 16. HP: 129/129 MP: 20/20
 23737 | Shoals:2 | Noticed Ilsuiw
 23754 | Shoals:2 | Killed Ilsuiw
 24562 | Shoals:2 | Learned a level 3 spell: Vhi's Electric Charge
 24567 | Shoals:2 | Learned a level 4 spell: Manifold Assault
 24825 | Shoals:3 | Reached skill level 10 in Short Blades
 24882 | Shoals:3 | Reached skill level 1 in Air Magic
 25291 | Shoals:3 | Reached skill level 15 in Stealth
 25456 | Shoals:4 | Entered Level 4 of the Shoals
 25490 | Shoals:4 | Found Imariyj's Vocational Training.
 25741 | Shoals:4 | Noticed Mara
 25772 | Shoals:4 | Identified the +12 dagger of Pain and Death {pain, rC+
                  | Str+3 Int+2}
 25773 | Shoals:4 | Killed Mara
 25837 | Shoals:4 | Reached skill level 5 in Translocations
 25978 | Shoals:4 | Got the Monograph on Green Convocation
 25984 | Shoals:4 | Reached skill level 5 in Throwing
 26058 | Shoals:4 | Found Deuto's Assorted Antiques.
 26278 | Shoals:4 | Noticed a kraken
 26680 | Shoals:4 | Identified the +6 arbalest of Culuz {freeze, rElec Str+3
                  | Dex+3 Stlth+}
 26766 | Shoals:4 | Killed a kraken
 26767 | Shoals:4 | Reached XP level 17. HP: 98/137 MP: 16/24
 26767 | Shoals:4 | Got a barnacled rune of Zot
 26936 | Snake:1  | Entered Level 1 of the Snake Pit
 27102 | Snake:1  | Got the Quarto of Compulsion
 27145 | Snake:1  | Found Yzogeqig's General Store.
 27153 | Snake:1  | Bought a potion of heal wounds for 50 gold pieces
 27450 | Snake:1  | Reached skill level 5 in Spellcasting
 27678 | Snake:2  | Reached skill level 5 in Evocations
 27772 | Snake:2  | Noticed Aizul
 27842 | Snake:1  | Banished Aizul
 28319 | Snake:2  | Reached skill level 16 in Stealth
 29189 | Vaults:1 | Entered Level 1 of the Vaults
 29690 | D:7      | Killed middlethird's ghost
 30258 | Slime:1  | Entered Level 1 of the Pits of Slime
 30265 | Slime:1  | Noticed an acid blob
 30300 | Slime:1  | Noticed an acid blob
 30319 | Slime:1  | Killed an acid blob
 30344 | Slime:1  | Banished an acid blob
 30653 | Slime:2  | Noticed Dissolution
 30653 | Slime:2  | Noticed an acid blob
 30654 | Slime:2  | Killed Dissolution
 30657 | Slime:2  | Killed an acid blob
 30774 | Slime:2  | Noticed an acid blob
 30780 | Slime:2  | Killed an acid blob
 30785 | Slime:2  | Noticed an acid blob
 30790 | Slime:2  | Banished an acid blob
 30791 | Slime:2  | Gained mutation: Your magical and physical power is
                  | slightly enhanced at high health. [demonic ancestry]
 30791 | Slime:2  | Reached XP level 18. HP: 140/145 MP: 22/25
 31073 | Slime:2  | Gained mutation: You occasionally lose the ability to read
                  | scrolls when taking damage. [a shining eye]
 31970 | Slime:3  | Reached skill level 17 in Stealth
 32324 | Snake:3  | Found Vulest's Weapon Shoppe.
 32428 | Snake:3  | Identified the +2 robe of Polytheism {rC++}
 32442 | Snake:3  | Found a basalt altar of Yredelemnul.
 32947 | Snake:3  | Got Ridoto's Atlas of Shapeshifting and Clay
 33136 | Snake:3  | Noticed Azrael
 33148 | Snake:3  | Banished Azrael
 33405 | Snake:3  | Learned a level 4 spell: Passage of Golubria
 33432 | Snake:4  | Entered Level 4 of the Snake Pit
 33597 | Snake:4  | Reached XP level 19. HP: 146/153 MP: 28/28
 34517 | Snake:4  | HP: 3/154 [nagaraja/+0 spear of freezing (32)]
 34518 | Snake:4  | HP: 1/154 [poisoned by a nagaraja (bolt of poison)]
 34524 | Snake:4  | Reached skill level 18 in Stealth
 34794 | Snake:4  | Reached skill level 15 in Fighting
 35389 | Snake:4  | Got a serpentine rune of Zot
 37180 | Vaults:1 | Gained mutation: You have a sharp stinger which inflicts
                  | weakening toxins. [demonic ancestry]
 37180 | Vaults:1 | Reached XP level 20. HP: 151/164 MP: 27/30
 37303 | Vaults:1 | Reached skill level 19 in Stealth
 38698 | Vaults:2 | Reached skill level 5 in Transmutations
 38919 | Vaults:2 | Found Inewicol's Assorted Antiques.
 39579 | Vaults:3 | Killed from afar by a crystal guardian

Illustrated notes

Levels and vault maps discovered:
D:1:      erik_arrival_triangle_small, layout_basic, serial_shops,
          nicolae_shop_pleasant_corner_grove, minmay_misc_feat_secret_circle,
          minmay_misc_feat_tiny
D:2:      layout_basic, hex_intersection
D:3:      layout_rooms, minivault_5, nrook_campfire, minmay_hedge_maze,
          grunt_ministairs_10
D:4:      cheibrodos_pilgrimage, layout_rooms, corexii_hall_statues_i
D:5:      layout_rooms, pf_guarded_unrand_woodcutter, uniq_crazy_yiuf_cottage
D:6:      layout_layer_cave, nicolae_overflow_hallway_of_the_gods,
          vehumet_statue, minmay_temple_entry_purple_smoke,
          kennysheep_pointless_box, uniq_edmund, uniq_grinder
D:7:      cheibrodos_statue_roulette, layout_cave_pools,
          gammafunk_ghost_stat_death, serial_gnoll_camp, gnoll_camp_mini_house,
          gnoll_camp_mini_shop, gnoll_camp_mini_house, gnoll_camp_mini_hut,
          gnoll_camp_mini_house, gnoll_camp_huts_moat, uniq_duvessa, uniq_joseph
D:8:      layout_basic, hellmonk_bongcloud_opening, st_stairs_2, abandoned_shop
D:9:      nicolae_cairo_tiling_large, layout_stronghold, bloody_trog,
          serial_shops, shop_statue, nicolae_shop_hallway_plus,
          nicolae_inconvenience_store, nicolae_shop_stone, hex_large, uniq_grum,
          uniq_pikel, uniq_psyche
D:10:     layout_loops_corners, minmay_lair_entry_grove, orc_0_dummy,
          nicolae_shop_sticking_my_neck_out, uniq_erolcha, uniq_maurice,
          uniq_erica
D:11:     layout_roguey [special_room_bee], hex_medium, uniq_snorg
D:12:     layout_roguey, hangedman_decor_growths, fedhas_bush_and_centaur_altar
D:13:     layout_big_octagon, nicolae_qazlal_scattered_showers
D:14:     layout_loops_ring, erik_vaults_2, serial_shops, nicolae_stop_n_shop_2,
          portal_ice_cave_entry_pillars_four, nicolae_ru_awakened_eye
D:15:     grunt_enter_depths_hoard, layout_basic, serial_park_gazebo
          [serial_park_minivault_5x5_6]
Temple:   nicolae_temple_great_sept
Lair:1:   layout_cave_shapes, uniq_nergalle
Lair:2:   nzn_winding_woodlands_three_and_one
          [nzn_winding_woodlands_5x15_sawtooth,
          nzn_winding_woodlands_5x15_garden, nzn_winding_woodlands_5x15_cabin,
          nzn_winding_woodlands_center_garden], layout_regular_city,
          nicolae_shoals_entry_flooding, guppyfry_snake_entry_garden,
          nicolae_lair_grove_arrangements, uniq_harold, uniq_gastronok,
          uniq_prince_ribbit2
Lair:3:   layout_cave_pods
Lair:4:   statuecave_lemuel, layout_cave_pods, nicolae_lair_lil_pond,
          serial_bayou_shore_b
Lair:5:   hellmonk_lair_end_abyssal_woods, layout_misc_corridors,
          minmay_slime_entry_pillars
Shoals:1: layout_shoals, serial_shops, nicolae_square_shop, shop
Shoals:2: layout_shoals, nicolae_shoals_so_close, uniq_ilsuiw
Shoals:3: layout_shoals, nicolae_shoals_beach_house_on_fowls_legs
Shoals:4: shoals_end_hangedman, layout_shoals, serial_shops, shop,
          nicolae_shoals_circle_sea_wall, abandoned_shop,
          nicolae_shop_vocational, uniq_mara
Snake:1:  layout_grid_shapes, serial_shops, shop
Snake:2:  layout_cave_pods, uniq_aizul
Snake:3:  minmay_snake_river, layout_gridlike, serial_shops,
          nicolae_shop_tiny_waterfront, basic_altar, nicolae_snake_omega,
          grunt_megastairs_5, uniq_azrael
Snake:4:  snake_pit_salamanders_mu, layout_basic,
          nicolae_snake_herptile_family_reunion, lemuel_fruit_tree,
          serial_bayou_shore_a
Slime:1:  layout_caves, cheibrodos_slime_lost_civilization_4
Slime:2:  layout_caves, dissolution_awaits
Slime:3:  layout_caves, special_room [special_room_jelly],
          nicolae_slime_crime_time
Orc:1:    layout_diamond_mine, basic_altar
Orc:2:    st_orc_congregation, layout_caves, uniq_sonja
Vaults:1: nicolae_vaults_closet_pinwheel_1, v_alt_pattern_1, v_misc_1,
          special_room_vaults [special_room_orc],
          nicolae_vaults_doubleplus_tesselated, grunt_vaults_funnel,
          vaults_mumra_chevron, ontoclasm_vaults_idyll,
          nicolae_vaults_wine_cellar, layout_vaults_quadrants
Vaults:2: v_alt_pattern_5, nicolae_vaults_little_squares_3,
          nicolae_vaults_specimen_jars, v_misc_18, v_misc_13,
          nicolae_vaults_three_branches, v_rooms_4, nicolae_vaults_angled_halls,
          ontoclasm_vaults_misaligned, vaults_mumra_minichess,
          hangedman_vaults_trim, vaults_dpeg_cross, layout_vaults_omnicross,
          serial_shops, nicolae_shop_overgrown_old_shop
Vaults:3: nicolae_vaults_big_angled_halls, v_alt_pattern_2, vaults_room_fours,
          hangedman_vaults_impose, hangedman_vaults_variations,
          minmay_crypt_entry_simple_corners,
          nicolae_vaults_offset_grid_hallway_2,
          ontoclasm_vaults_decontamination, v_misc_16, hangedman_vaults_stream,
          v_alt_pattern_2, nicolae_vaults_trapezoid_2,
          nicolae_vaults_diagonal_hallway_9, nicolae_vaults_octothorpe,
          nicolae_vaults_circle_grid_a, layout_vaults_maze

Skill      XL: |  1  2  3  4  5  6  7  8  9 10 11 12 13 14 15 16 17 18 19 20 |
---------------+-------------------------------------------------------------+-----
Throwing       | 1 2 3 4 5 6 8 |  8.3
Long Blades    | 2 |  2.1
Armour         | 1 2 3 4 5 6 8 9 10 11 12 | 12.0
Dodging        | 2 3 4 6 8 9 11 12 13 14 | 14.7
Translocations | 3 4 5 6 7 |  7.9
Short Blades   | 1 2 3 5 6 8 9 10 11 | 11.9
Stealth        | 1 2 3 4 7 9 11 14 15 16 17 18 19 | 19.9
Unarmed Combat | 1 3 |  3.0
Fighting       | 3 4 5 6 9 10 12 13 14 15 16 | 16.1
Evocations     | 2 3 4 6 8 |  8.4
Transmutations | 1 4 5 |  5.0
Spellcasting   | 3 4 5 6 7 8 |  8.0
Air Magic      | 2 3 |  3.0

Action                     |  1- 3 |  4- 6 |  7- 9 | 10-12 | 13-15 | 16-18 | 19-21 || total
---------------------------+-------+-------+-------+-------+-------+-------+-------++-------
  Melee: Falchion          |    37 |       |       |       |       |       |       ||    37
         Dagger            |    76 |   106 |   206 |   601 |  1285 |  1124 |   865 ||  4263
         Punch             |     1 |     2 |     2 |    10 |    28 |    38 |    34 ||   115
         Kick              |       |    24 |    57 |   206 |   470 |   478 |   381 ||  1616
         Touch             |       |     5 |    33 |   123 |   258 |   189 |   168 ||   776
         Tailslap          |       |       |    32 |    96 |   229 |   223 |   203 ||   783
         Unarmed           |       |       |    15 |       |       |       |       ||    15
  Throw: Boomerang         |       |     7 |     4 |     3 |    10 |     9 |     5 ||    38
         Dart              |       |       |     6 |     1 |       |       |       ||     7
   Cast: Blink             |       |       |     1 |     1 |     1 |       |       ||     3
         Wereblood         |       |       |       |       |     4 |       |     1 ||     5
         Vhi's Electric Ch |       |       |       |       |       |     1 |       ||     1
 Invoke: Serpent's Lash    |       |       |       |       |       |     1 |       ||     1
         Heavenly Storm    |       |       |       |       |       |       |     1 ||     1
Ability: Lunge             |       |       |       |    88 |   207 |   207 |   136 ||   638
         Whirlwind         |       |       |       |    97 |   246 |   186 |   187 ||   716
  Evoke: Wand              |       |       |    17 |     2 |       |       |       ||    19
    Use: Scroll            |       |       |     1 |    16 |     7 |     8 |       ||    32
         Potion            |       |       |     3 |       |       |     1 |     4 ||     8
   Stab: Sleeping          |       |       |     2 |    10 |    55 |    60 |    56 ||   183
         Confused          |       |       |     1 |       |       |       |       ||     1
         Distracted        |       |       |       |       |    10 |     9 |     6 ||    25
         Invisible         |       |       |       |       |       |       |     1 ||     1
 Armour: Leather armour    |    24 |       |       |    14 |    80 |    15 |    10 ||   143
         Scale mail        |    36 |    37 |       |       |       |       |       ||    73
         Ring mail         |       |    11 |    23 |    24 |       |    36 |    29 ||   123
         Skin              |       |       |     8 |       |       |       |       ||     8
         Acid dragon scale |       |       |       |    50 |       |       |       ||    50
  Dodge: Dodged            |    66 |    38 |    84 |   236 |   634 |   538 |   459 ||  2055
  Block: Other             |       |       |    39 |       |       |       |       ||    39
         Reflection        |       |       |     3 |       |       |       |       ||     3
